 Dungeon Crawl Stone Soup version 0.19.5 (webtiles) character file.

34040 Gargoyl the Protected (level 13, -9/111 HPs)
             Began as a Ghoul Abyssal Knight on Mar 18, 2017.
             Was the Champion of Lugonu.
             Killed from afar by a fire dragon (21 damage)
             ... with a blast of flame
             ... on level 6 of the Lair of Beasts.
             The game lasted 00:35:07 (14598 turns).

Gargoyl the Protected (Ghoul Abyssal Knight)       Turns: 14598, Time: 00:35:07

Health: -9/111     AC: 27    Str: 20 (22) XL:     13   Next: 74%
Magic:  16/20      EV:  3    Int:  6 (7)  God:    Lugonu [******]
Gold:   1376       SH: 16    Dex: 10 (12) Spells: 0 memorised, 12 levels left

rFire  . . .     SeeInvis .     r - +1 hand axe (elec)
rCold  + . .     Gourm    .     e - +3 crystal plate armour
rNeg   + + +     Faith    .     C - +0 large shield
rPois  ∞         Spirit   .     (no helmet)
rElec  .         Reflect  .     o - +0 cloak
rCorr  .         Harm     .     (no gloves)
MR     +....                    F - +0 pair of boots
Stlth  ..........               (no amulet)
                                S - ring of protection from magic
                                j - +2 ring of evasion

@: mighty, rotting
A: rotting body, claws 1, carnivore 3, cold resistance 1, negative energy
resistance 3, slow regeneration 1, torment resistance, unbreathing
a: Depart the Abyss, Bend Space, Banish, Corrupt, Enter the Abyss, Brand Weapon
With Distortion, Renounce Religion


You were on level 6 of the Lair of Beasts.
You worshipped Lugonu.
Lugonu was exalted by your worship.
You were not hungry.

You visited 2 branches of the dungeon, and saw 16 of its levels.
You visited the Abyss 1 time.
You also visited: Ossuary.

You collected 1376 gold pieces.

Inventory:

Hand Weapons
 a - a +1 hand axe
 r - a +1 hand axe of electrocution (weapon)
 z - a +0 war axe
 B - the +5 mace "Ubouloh" {flame, +Blink Str+3 Dex+2}
   (You found it on level 6 of the Dungeon)

   It has been specially enchanted to burn those struck by it, causing extra
   injury to most foes and up to half again as much damage against particularly
   susceptible opponents.
   It affects your strength (+3).
   It affects your dexterity (+2).
   It lets you blink.
Missiles
 Q - 8 javelins (quivered)
Armour
 e - a +3 crystal plate armour (worn)
 o - a +0 cloak (worn)
 C - a +0 large shield (worn)
 F - a +0 pair of boots (worn)
Jewellery
 j - a +2 ring of evasion (left claw)
 S - a ring of protection from magic (right claw)
Wands
 n - a wand of flame (27/48)
 s - a wand of enslavement (3/24)
 t - a wand of enslavement (6/24)
 y - a wand of random effects (21/48)
 D - a wand of paralysis (11/24)
 G - a wand of paralysis (16/24)
 H - a wand of confusion (34/48)
 L - a wand of flame (12/48)
 N - a wand of lightning (5/15)
 T - a wand of lightning (5/15)
Scrolls
 h - 7 scrolls of remove curse
 i - 2 scrolls of fear
 k - 3 scrolls of fog
 p - a scroll of identify
 x - 3 scrolls of blinking
 O - a scroll of magic mapping
 R - 2 scrolls of teleportation
Potions
 b - 7 potions of curing
 f - 5 potions of haste
 g - 4 potions of flight
 l - 3 potions of magic
 m - 2 potions of ambrosia
 w - 4 potions of brilliance
 K - 2 potions of degeneration
Books
 u - a book of Changes

   Spells                             Type                      Level
   a - Beastly Appendage              Transmutation                1
   b - Sticks to Snakes               Transmutation                2
   c - Spider Form                    Transmutation/Poison         3
   d - Ice Form                       Ice/Transmutation            4
   e - Blade Hands                    Transmutation                5
 v - a book of Conjurations

   Spells                             Type                      Level
   a - Magic Dart                     Conjuration                  1
   b - Searing Ray                    Conjuration                  2
   c - Dazzling Spray                 Conjuration/Hexes            3
   d - Fulminant Prism                Conjuration/Hexes            4
   e - Iskenderun's Mystic Blast      Conjuration                  4
   f - Iskenderun's Battlesphere      Conjuration/Charms           5
 A - a book of Enchantments

   Spells                             Type                      Level
   a - Cause Fear                     Hexes                        4
   b - Yara's Violent Unravelling     Hexes/Transmutation          5
   c - Silence                        Hexes/Air                    5
   d - Deflect Missiles               Charms/Air                   6
   e - Discord                        Hexes                        8
Comestibles
 c - 10 meat rations
 q - 11 chunks of flesh
 E - 2 beef jerkies
 I - a slice of pizza


   Skills:
 + Level 9.1 Fighting
 + Level 10.9(11.0) Axes
 + Level 1.3(7.1) Maces & Flails
 * Level 12.2 Armour
 + Level 1.0 Dodging
 + Level 7.7 Shields
 * Level 10.8 Invocations


You had 12 spell levels left.
You didn't know any spells.

Dungeon Overview and Level Annotations

Branches:
Dungeon (10/15)            Temple (0/1) D:6            Lair (6/6) D:10
 Shoals (0/4) Lair:4        Snake (0/4) Lair:3        Slime (0/5) Lair:5
    Orc: D:9-12

Altars:
Cheibriados
Dithmenos
Fedhas
Nemelex Xobeh
Trog

Shops:
D:10 }%


Innate Abilities, Weirdness & Mutations

Your body is rotting away.
You thrive on raw meat.
You are immune to poison.
You have sharp fingernails.
You are carnivorous and can eat meat at any time.
Your flesh is cold resistant. (rC+)
You are immune to negative energy. (rN+++)
You regenerate slowly when monsters are visible.
You are immune to unholy pain and torment.
You can survive without breathing.


Message History

* * * LOW HITPOINT WARNING * * *
The fire dragon barely misses you. The fire dragon tramples you.
* * * LOW HITPOINT WARNING * * *
You hold your ground!
You turn to flesh and can move again.
Okay, then.
Press: ? - help, Shift-Dir - straight line, f - basilisk
Aim: a basilisk (moderately wounded, chance to defeat MR: 87%)
The basilisk is devoured by a tear in reality.
Lugonu claims a new guest.
You feel somewhat more hungry.
The fire dragon bites you but does no damage.
You block the fire dragon's attack. x2
Your shield and crystal plate armour prevent you from hitting the fire dragon.
The fire dragon is almost dead.
You hit the fire dragon but do no damage.
The fire dragon is almost dead.
The fire dragon breathes flames at you. The blast of flame hits you!
You die...

####### #.##..#
♣♣♣♣♣♣♣♣♣♣ ..#...#
♣♣♣..≈≈≈≈≈.♣♣♣ .
......#♣♣...≈≈≈≈≈≈≈..♣≈.
......#♣..≈≈≈≈≈≈≈≈≈≈≈.≈≈
....#.#♣.P≈≈≈≈≈≈≈≈≈≈≈≈≈≈
......#♣)≈≈P..≈≈§l≈≈≈≈≈≈
......#♣≈÷≈♣.P.≈§Dl≈≈..≈
....P##♣≈≈≈♣♣♣♣♣@♣.....
.....# ♣P≈≈≈♣.♣♣♣♣ $$?
.....# ♣♣..≈♣.≈♣♣♣ .
PP..## ♣♣..≈≈≈≈P♣♣ ....#
♣♣♣...≈≈.♣♣ ≈≈ ...P##
♣.♣....≈..♣♣♣≈≈P
.....###♣♣..♣♣♣P♣≈P≈≈≈≈♣.
.....P.#♣.....♣♣♣≈≈≈≈≈≈..
.....P.#♣♣♣♣P≈♣♣≈≈≈P....♣


You could see a fire dragon and 2 iguanas.

Vanquished Creatures
  A hydra (Lair:3)
  2 death yaks (Lair:4)
  Pikel (D:6)
  The ghost of Kosschaser the Covert, a novice KoAs of Dithmenos (D:7)
  A wolf spider (Lair:6)
  7 elephants
  3 sirens (Lair:4)
  Joseph (D:7)
  8 black mambas
  3 rime drakes
  2 centaur skeletons
  9 spiny frogs
  A komodo dragon (Lair:4)
  Grinder (D:3)
  15 blink frogs
  A merfolk (Lair:4)
  2 polar bears (Lair:5)
  4 hornets (Lair:6)
  7 hippogriffs
  4 dream sheep (Lair:6)
  The ghost of Sanvar the Shooter, an amateur HEHu of Elyvilon (D:3)
  14 yaks
  2 redbacks (Lair:6)
  A basilisk (Lair:4)
  A steam dragon (Lair:6)
  5 wyverns
  2 hungry ghosts (D:8)
  A mottled dragon (Lair:6)
  Menkaure (D:6)
  15 water moccasins
  5 porcupines
  3 ice beasts
  A phantom (D:6)
  2 swamp drakes (Lair:6)
  3 orc warriors
  A necrophage (D:6)
  16 wolves
  6 ogres
  4 centaurs
  11 crocodiles
  Blork the orc (D:4)
  15 bullfrogs
  2 gnoll sergeants
  3 scorpions
  5 killer bees (D:9)
  3 wights (D:7)
  2 howler monkeys
  4 crimson imps
  3 centaur zombies
  7 hounds
  2 jellies
  3 orc priests
  Crazy Yiuf (D:6)
  5 iguanas
  4 orc wizards
  2 human zombies (Ossuary)
  11 worker ants
  A big kobold zombie (Ossuary)
  A hound zombie (D:5)
  3 mummies (Ossuary)
  A hound skeleton (D:5)
  10 gnolls
  14 adders
  A river rat (Lair:6)
  A shadow imp (D:5)
  2 adder skeletons (D:8)
  5 adder zombies (Ossuary)
  4 worms
  3 dart slugs
  8 leopard geckos
  31 orcs
  8 giant cockroaches
  7 goblins
  8 hobgoblins
  6 jackals
  A quokka (D:5)
  A ball python skeleton (D:4)
  8 bats
  3 frilled lizards
  A gnoll zombie (Ossuary)
  5 goblin zombies (Ossuary)
  2 hobgoblin zombies (Ossuary)
  A jackal skeleton (D:5)
  5 jackal zombies (Ossuary)
  5 kobolds
  3 kobold zombies (Ossuary)
  2 orc zombies (Ossuary)
  9 rats
  6 rat zombies (Ossuary)
  A fungus (Lair:4)
  6 plants
415 creatures vanquished.

Vanquished Creatures (others)
  A death yak (Lair:4)
  A guardian serpent (Lair:6)
  A basilisk (Lair:6)
  2 electric eels (D:10)
  7 fungi
  A plant (Lair:6)
13 creatures vanquished.

Grand Total: 428 creatures vanquished

Notes
Turn   | Place    | Note
-------+----------+-------------------------------------------
     0 | Abyss:1  | Gargoyl the Ghoul Abyssal Knight began the quest for the Orb.
     0 | Abyss:1  | Reached XP level 1. HP: 19/19 MP: 1/1
    83 | Abyss:2  | Found a hide-covered altar of Uskayaw.
   102 | Abyss:2  | Noticed a green death
   113 | D:1      | Escaped the Abyss
   223 | D:1      | Reached skill level 1 in Dodging
   245 | D:1      | Reached * piety under Lugonu
   245 | D:1      | Reached XP level 2. HP: 12/25 MP: 2/2
   343 | D:1      | Reached skill level 2 in Armour
   549 | D:1      | Reached XP level 3. HP: 22/33 MP: 3/3
  1021 | D:2      | Reached ** piety under Lugonu
  1160 | D:2      | Reached XP level 4. HP: 31/40 MP: 4/4
  1736 | D:3      | Noticed Grinder
  1757 | D:3      | Paralysed by Grinder for 6 turns
  1767 | D:3      | Killed Grinder
  1767 | D:3      | Reached skill level 3 in Armour
  1767 | D:3      | Reached XP level 5. HP: 40/46 MP: 4/6
  1767 | D:3      | Reached XP level 6. HP: 46/52 MP: 4/7
  1814 | D:3      | Noticed Sanvar's ghost (amateur HEHu)
  1849 | D:3      | Killed Sanvar's ghost
  1849 | D:3      | Reached XP level 7. HP: 52/59 MP: 8/8
  2070 | D:4      | Found a sparkling altar of Nemelex Xobeh.
  2111 | D:4      | Found a shadowy altar of Dithmenos.
  2160 | D:4      | Reached skill level 4 in Armour
  2377 | D:4      | Reached skill level 5 in Axes
  2378 | D:4      | Noticed Blork the orc
  2625 | D:4      | Killed Blork the orc
  2625 | D:4      | Reached XP level 8. HP: 44/67 MP: 10/10
  2729 | D:5      | Entered Level 5 of the Dungeon
  2742 | D:5      | Reached *** piety under Lugonu
  2809 | D:5      | Reached skill level 5 in Armour
  3201 | D:5      | Found a bloodstained altar of Trog.
  3236 | D:5      | Found a sand-covered staircase.
  3363 | Ossuary  | Entered an ossuary
  3535 | Ossuary  | Reached skill level 5 in Fighting
  3562 | Ossuary  | Reached **** piety under Lugonu
  3595 | Ossuary  | Reached skill level 5 in Invocations
  3774 | D:5      | Found a faded altar of an unknown god.
  3774 | D:5      | Found a snail-covered altar of Cheibriados.
  3779 | D:5      | Found a faded altar of an unknown god.
  3781 | D:5      | Found a faded altar of an unknown god.
  3783 | D:5      | Found a faded altar of an unknown god.
  3979 | D:6      | Reached skill level 6 in Armour
  3983 | D:6      | Noticed Menkaure
  4056 | D:5      | Reached XP level 9. HP: 71/72 MP: 11/11
  4079 | D:6      | Killed Menkaure
  4610 | D:6      | Noticed Pikel
  4622 | D:6      | Killed Pikel
  4622 | D:6      | Reached skill level 7 in Armour
  4755 | D:6      | Found a staircase to the Ecumenical Temple.
  4883 | D:6      | Got a faintly glowing mace
  4884 | D:6      | Identified the +5 mace "Ubouloh" {flame, +Blink Str+3 Dex+2} (You found it on level 6 of the Dungeon)
  4891 | D:6      | Found a runed door.
  4895 | D:6      | Noticed Crazy Yiuf
  4901 | D:6      | Killed Crazy Yiuf
  5147 | D:7      | Reached XP level 10. HP: 71/83 MP: 11/13
  5195 | D:7      | Reached skill level 8 in Armour
  5617 | D:7      | Noticed Kosschaser's ghost (novice KoAs)
  5668 | D:7      | Killed Kosschaser's ghost
  5668 | D:7      | Reached ***** piety under Lugonu
  5789 | D:7      | Noticed Joseph
  5808 | D:7      | Killed Joseph
  6179 | D:8      | Reached skill level 9 in Armour
  6347 | D:8      | Found a blossoming altar of Fedhas.
  7329 | D:9      | Reached XP level 11. HP: 90/92 MP: 15/15
  7415 | D:9      | Reached skill level 1 in Shields
  7845 | D:10     | Entered Level 10 of the Dungeon
  7954 | D:10     | Found Sexoism's Gadget Boutique.
  7964 | D:10     | Found Lidd's Food Emporium.
  7990 | D:10     | Found a staircase to the Lair.
  8001 | Lair:1   | Entered Level 1 of the Lair of Beasts
  8603 | Lair:1   | Reached skill level 10 in Armour
  9746 | Lair:3   | Reached XP level 12. HP: 60/101 MP: 17/17
 10346 | Lair:3   | Found a staircase to the Snake Pit.
 10699 | Lair:4   | Reached skill level 10 in Axes
 11051 | Lair:4   | Reached skill level 11 in Armour
 11251 | Lair:4   | Noticed a death yak
 11254 | Lair:4   | Reached skill level 5 in Shields
 11256 | Lair:4   | Noticed a death yak
 11258 | Lair:4   | Noticed a death yak
 11297 | Lair:4   | Killed a death yak
 11312 | Lair:4   | Banished a death yak
 11392 | Lair:3   | Noticed a four-headed hydra
 11407 | Lair:3   | Killed a four-headed hydra
 11784 | Lair:4   | Killed a death yak
 11784 | Lair:4   | Reached skill level 1 in Maces & Flails
 11878 | Lair:4   | Found a staircase to the Shoals.
 12313 | Lair:4   | Reached XP level 13. HP: 97/108 MP: 19/19
 12486 | Lair:5   | Reached skill level 10 in Invocations
 13015 | Lair:5   | Found a staircase to the Slime Pits.
 13287 | Lair:6   | Entered Level 6 of the Lair of Beasts
 13454 | Lair:6   | Reached ****** piety under Lugonu
 13887 | Lair:6   | HP: 5/111 [black mamba (1)]
 13892 | Lair:6   | Reached skill level 12 in Armour
 14568 | Lair:6   | Noticed a fire dragon
 14598 | Lair:6   | Killed from afar by a fire dragon

Skill      XL: |  1  2  3  4  5  6  7  8  9 10 11 12 13 |
---------------+----------------------------------------+-----
Dodging        | 1 |  1.0
Axes           | 2 3 4 5 6 7 8 9 10 | 10.9
Armour         | 2 3 4 6 7 9 10 11 12 | 12.2
Fighting       | 4 5 6 7 8 9 |  9.1
Invocations    | 3 4 5 6 7 8 9 10 | 10.8
Shields        | 4 6 7 |  7.7
Maces & Flails | 1 |  1.3

Action                   |  1- 3 |  4- 6 |  7- 9 | 10-12 | 13-15 || total
-------------------------+-------+-------+-------+-------+-------++-------
Melee: Hand axe          |   204 |   112 |   364 |  1007 |   424 ||  2111
       Mace              |       |       |     6 |    16 |       ||    22
Invok: Depart the Abyss  |     1 |       |       |       |       ||     1
       Banish            |       |       |       |     3 |     2 ||     5
  Use: Scroll            |     5 |     1 |     7 |    11 |     3 ||    27
       Potion            |       |       |       |     2 |     9 ||    11
 Stab: Invisible         |       |       |     1 |       |       ||     1
  Eat: Chunk             |    22 |    11 |    25 |   103 |    84 ||   245
Armor: Crystal plate arm |   264 |   181 |   356 |   867 |   460 ||  2128
Dodge: Dodged            |    14 |    26 |    74 |    93 |    40 ||   247
Block: Shield            |       |       |       |    46 |       ||    46
       Large shield      |       |       |       |   523 |   469 ||   992
